 Dungeon Crawl Stone Soup version 0.28.0-1-gb440e238dd (webtiles) character file.

Game seed: 7781265535630935463

370 themarg the Chopper (level 6, 0/56 HPs)
             Began as a Minotaur Monk on Feb 19, 2022.
             Was an Initiate of Gozag.
             Killed by divine providence
             ... invoked by an orc priest
              (12 damage)
             ... on level 4 of the Dungeon.
             The game lasted 00:14:13 (4199 turns).

themarg the Chopper (Minotaur Monk)                 Turns: 4199, Time: 00:14:13

Health: 0/56       AC:  8    Str: 18    XL:     6   Next: 42%
Magic:  5/5        EV: 11    Int:  7    God:    Gozag
Gold:   317        SH:  0    Dex: 12    Spells: 5/5 levels left

rFire   . . .      SeeInvis .   a - +0 hand axe
rCold   + . .      Faith    .   (no shield)
rNeg    . . .      Spirit   .   h - +0 scale mail
rPois   +          Reflect  .   (helmet restricted)
rElec   .          Harm     .   (no cloak)
rCorr   .          Rampage  .   (no gloves)
Will    .....                   e - +0 pair of boots
Stlth   +.........              (no amulet)
HPRegen 0.18/turn               d - ring of poison resistance
MPRegen 0.09/turn               u - ring of protection from cold

@: no status effects
A: horns 2, retaliatory headbutt
a: Renounce Religion, Potion Petition, Call Merchant, Bribe Branch


You were on level 4 of the Dungeon.
You worshipped Gozag.
Gozag was aware of your devotion.
You visited 1 branch of the dungeon, and saw 4 of its levels.
You also visited: Sewer.

You collected 317 gold pieces.

Inventory:

Hand Weapons
 a - a +0 hand axe (weapon)
Missiles
 j - 190 stones (quivered)
 t - 2 poisoned darts
Armour
 b - a +0 robe
 e - a +0 pair of boots (worn)
 h - a +0 scale mail (worn)
Jewellery
 d - a ring of poison resistance (left hand)
 u - a ring of protection from cold (right hand)
Wands
 l - a wand of digging (1)
 r - a wand of paralysis (6)
Scrolls
 g - a scroll of fog {unknown}
 i - a scroll of teleportation {unknown}
 m - a scroll of noise {unknown}
 o - a scroll of enchant armour {unknown}
 p - a scroll of brand weapon {unknown}
 q - a scroll of identify {unknown}
 v - a scroll of magic mapping {unknown}
 w - a scroll of amnesia {unknown}
Potions
 c - 2 potions of curing {unknown}
 f - a potion of cancellation {unknown}
 k - 2 potions of mutation {unknown}
 n - a potion of experience {unknown}
 s - a potion of haste {unknown}


   Skills:
 + Level 5.1 Fighting
 + Level 6.1 Axes
 + Level 3.3 Armour
 + Level 4.1 Dodging
 + Level 2.2 Stealth


You had 5 spell levels left.
You didn't know any spells.
Your spell library contained the following spells:

 Spells                   Type           Power      Damage    Failure   Level
 Gell's Gravitas          Tloc           0%         N/A       99%         3
 Lesser Beckoning         Tloc           0%         N/A       99%         3
 Teleport Other           Tloc           0%         N/A       99%         3
 Dispersal                Tloc           0%         N/A       100%        6


Dungeon Overview and Level Annotations

Branches:
Dungeon (4/15)              Sewer (visited)
 Temple: D:4-7

Altars:
Elyvilon
Gozag
Okawaru
Ru
Uskayaw
Zin

Shops:
D:3 *

Annotations:
D:3 exclusion: downstairs
D:4 exclusion: goblin, Eustachio, Ijyb


Innate Abilities, Weirdness & Mutations

You have a pair of horns on your head.
You reflexively headbutt those who attack you in melee.


Message History

The orc priest hits you but does no damage.
Okay, then.
Eustachio mumbles some strange words.
The orc priest calls upon Beogh to heal the orc priest.
The orc priest's wounds heal themselves!
The orc priest hits you with a +0 dagger.
You open the door.
The orc priest calls down the wrath of Beogh upon you.
Beogh smites you!
The black bear bites you but does no damage.
The black bear claws you but does no damage.
The black bear closely misses you.
The orc priest hits you but does no damage.
Eustachio mumbles some strange words.
Eustachio blinks!
The orc priest begins to cast a cantrip, but forgets the words!
The orc wizard points at you and mumbles some strange words.
The magic dart hits you.
There is an open door, spattered with blood here.
The bat barely misses you. The bat hits you but does no damage.
The orc wizard hits you but does no damage.
The bat hits you but does no damage.
The orc wizard hits you with a +0 dagger.
The orc hits you but does no damage. The bat barely misses you.
The orc barely misses you.
You open the door. The bat hits you but does no damage.
You hit the bat.
You kill the bat!
The bat's corpse disappears in a puff of smoke!
You barely miss the orc wizard.
The orc priest calls down the wrath of Beogh upon you.
Beogh smites you!
* * * LOW HITPOINT WARNING * * *
The orc priest calls upon Beogh to heal the orc priest.
The orc priest's wounds heal themselves!
There is an open door here.
The orc priest mumbles some strange prayers to Beogh against you.
Beogh smites you!
You die...
Your body crumbles into a pile of gold.

########...##.....##....##...
#....###...##.....##....##...
#...........#...........#....
#...........#...........#....
#...........#....... #....
#....##....####...########...
#######....####...##....##...
#....<..#o...o>.........
#......@ho.or#..........
#...<...#....#..........
#.......#.....#....#..#.
##..##..##....#########.
############.# #.. ### #..
#.. #.. #..


You could see a black bear, 2 orc priests, an orc wizard, a river rat (summoned)
and an orc.

Vanquished Creatures
  A water moccasin (Sewer)
  An ogre (D:4)
  2 orc wizards (D:4)
  6 adders
  A worm (D:2)
  A dart slug (D:3)
  5 orcs
  A bat (D:3)
  9 endoplasms
  2 giant cockroaches
  10 goblins
  5 hobgoblins
  8 jackals
  A quokka (D:2)
  6 ball pythons
  7 frilled lizards (D:2)
  2 kobolds
  5 rats
73 creatures vanquished.

Vanquished Creatures (others)
  An orc wizard (D:4)
  4 plants (D:2)
5 creatures vanquished.

Grand Total: 78 creatures vanquished

Notes
Turn   | Place    | Note
-------+----------+-------------------------------------------
     0 | D:1      | themarg the Minotaur Monk began the quest for the Orb.
     0 | D:1      | Reached XP level 1. HP: 19/19 MP: 0/0
   253 | D:1      | Reached XP level 2. HP: 27/27 MP: 1/1
   566 | D:2      | Reached skill level 4 in Axes
   778 | D:2      | Found a faded altar of an unknown god.
   929 | D:2      | Reached XP level 3. HP: 33/33 MP: 2/2
  2143 | D:3      | Noticed a +0 hand axe
  2144 | D:3      | Noticed a +0 dagger
  2153 | D:3      | Found a hide-covered altar of Uskayaw.
  2177 | D:3      | Found Jyos's General Store.
  2301 | D:3      | Reached XP level 4. HP: 34/40 MP: 3/3
  2330 | D:3      | Found an opulent altar of Gozag.
  2336 | D:3      | Became a worshipper of Gozag Ym Sagoz the Greedy
  2358 | D:3      | Found a glowing silver altar of Zin.
  2618 | D:3      | Found a glowing drain.
  2644 | D:3      | Reached skill level 1 in Armour
  2649 | D:3      | Reached skill level 5 in Axes
  2662 | Sewer    | Entered a sewer
  2875 | Sewer    | Noticed a water moccasin
  2887 | Sewer    | Killed a water moccasin
  2888 | Sewer    | Reached XP level 5. HP: 26/47 MP: 4/4
  3279 | D:4      | Noticed an ogre
  3335 | D:4      | Reached XP level 6. HP: 17/55 MP: 5/5
  3559 | D:4      | Reached skill level 5 in Fighting
  3559 | D:4      | Reached skill level 6 in Axes
  3729 | D:4      | Found a white marble altar of Elyvilon.
  3730 | D:4      | Found an iron altar of Okawaru.
  3801 | D:4      | Found a sacrificial altar of Ru.
  3935 | D:4      | Noticed Ijyb
  4163 | D:4      | Noticed Eustachio
  4199 | D:4      | Killed from afar by an orc priest

Illustrated notes

Levels and vault maps discovered:
D:1:      roderic_crossed_star, layout_loops_cross
D:2:      layout_loops_ring, serial_forest, infiniplex_forest_clump_diagonal,
          infiniplex_forest_straight_2, infiniplex_forest_corner_1,
          infiniplex_forest_straight_2, infiniplex_forest_split,
          infiniplex_forest_end_2, infiniplex_forest_lined_2,
          shapermc_ecumenical_altar_starsandcircs, minmay_lizard_pond
D:3:      layout_loops_ring, pdpol_temple_overflow_zin_treasury_gozag_greed,
          dancing_weapons_uskayaw, serial_shops, nicolae_shop_crystal,
          gup_sewer_entry_glass, minmay_misc_feat_columns
D:4:      kennysheep_goblin_castle, layout_gridville, trog_ov_bears_minmay,
          chequers_temple_overflow_statue_of_worship,
          mainiacjoe_overflow_cross_hatched, uniq_eustachio

Skill      XL: |  1  2  3  4  5  6 |
---------------+-------------------+-----
Fighting       | 4 5 |  5.1
Axes           | 4 5 6 |  6.1
Stealth        | 2 |  2.2
Armour         | 2 3 |  3.3
Dodging        | 4 |  4.1

Action                   |  1- 3 |  4- 6 || total
-------------------------+-------+-------++-------
Melee: Hand axe          |   104 |    89 ||   193
       Headbutt          |    14 |    17 ||    31
       Punch             |     1 |     1 ||     2
  Use: Scroll            |     1 |       ||     1
 Stab: Sleeping          |     2 |       ||     2
       Distracted        |     1 |       ||     1
Armor: Robe              |    14 |       ||    14
       Scale mail        |    12 |    55 ||    67
Dodge: Dodged            |    65 |    54 ||   119
